 Dungeon Crawl Stone Soup version 0.17-a0-1567-gdd419b1 (webtiles) character file.

5 Chiseanne the Caller (level 1, 0/14 HPs)
             Began as a Demonspawn Wanderer on July 22, 2015.
             Slain by a kobold
             ... wielding a +0 short sword
              (5 damage)
             ... on level 1 of the Dungeon.
             The game lasted 00:00:58 (277 turns).

Chiseanne the Caller (Demonspawn Wanderer)           Turns: 277, Time: 00:00:58

Health: 0/14       AC:  2    Str: 13    XL:     1   Next: 66%
Magic:  1/2        EV: 11    Int: 13    God:
Gold:   14         SH:  0    Dex: 11    Spells: 2 memorised, 0 levels left

rFire  . . .     SeeInvis .     d - +0 club
rCold  . . .     Clarity  .     c - +0 robe
rNeg   . . .     SustAt   .     (no shield)
rPois  .         Gourm    .     (no helmet)
rElec  .         Spirit   .     (no cloak)
rCorr  .         Warding  .     (no gloves)
rMut   .         Stasis   .     (no boots)
MR     .....                    (no amulet)
Stlth  +.........               (no ring)
                                (no ring)

@: not resistant to hostile enchantments, very unstealthy
A: no striking features
a: no special abilities


You were on level 1 of the Dungeon.
You were not hungry.

You visited 1 branch of the dungeon, and saw 1 of its levels.

You collected 14 gold pieces.

Inventory:

Hand weapons
 d - a +0 club (weapon)
Missiles
 j - 11 bolts
Armour
 c - a +0 robe (worn)
Scrolls
 h - a scroll of remove curse {unknown}
 i - a scroll of enchant armour {unknown}
Potions
 f - a potion of ambrosia {unknown}
 g - a potion of curing {unknown}
Books
 a - a book of Callings

   Spells                             Type                      Level
   a - Summon Small Mammal            Summoning                    1
   b - Call Imp                       Summoning                    2
   c - Call Canine Familiar           Summoning                    3
   d - Summon Guardian Golem          Hexes/Summoning              3
   e - Summon Lightning Spire         Summoning/Air                4
   f - Summon Ice Beast               Ice/Summoning                4
 b - the Catalogue of the Entourage

   Spells                             Type                      Level
   a - Summon Butterflies             Summoning                    1
   b - Summon Guardian Golem          Hexes/Summoning              3
Comestibles
 e - a bread ration


   Skills:
 * Level 0.6 Fighting
   Level 1.7 Axes
 - Level 1.0 Armour
 + Level 0.1 Dodging
 - Level 1.0 Stealth
   Level 1.0 Shields
 * Level 1.1 Spellcasting
 + Level 2.1 Summonings
   Level 2.0 Poison Magic


You couldn't memorise any spells.
You knew the following spells:

 Your Spells              Type           Power        Failure   Level  Hunger
a - Summon Butterflies    Summ           #.......     14%         1    ##.....
b - Summon Small Mammal   Summ           #...         14%         1    ##.....


Dungeon Overview and Level Annotations

Branches:
Dungeon (1/15)

Altars:


Message History

The rat completely misses you.
You hit the rat.
You kill the rat!
A kobold comes into view. It is wielding a short sword.
Found a chain mail.
You see here a fizzy coppery potion.
f - a fizzy coppery potion The kobold shouts!
The kobold barely misses you.
You closely miss the kobold. The kobold barely misses you.
You closely miss the kobold. The kobold hits you with a short sword.
You closely miss the kobold. The kobold closely misses you.
You barely miss the kobold. The kobold hits you with a short sword.
The kobold hits you with a short sword.
You hit the kobold but do no damage. The kobold hits you but does no damage.
Cast which spell? (? or * to list)
The kobold hits you but does no damage.
A jackal comes into view.
The kobold hits you with a short sword.
You die...

#... ##.#.
###.#..
#>....h
#.....[##
.......b#
#.......# #K#
# #@# ### #
#.##.###.#
≈.§§§##
#..bbb...#
§≈§§..#
#.#####.#####
≈≈§≈..
#........#
.≈.§.#
#######.##
##### ####
#.# §.≈#
##..## #.#
#§##
##....#####.#


You could see a jackal and a kobold.

Vanquished Creatures
  A giant cockroach (D:1)
  A hobgoblin (D:1)
  A goblin (D:1)
  3 rats (D:1)
6 creatures vanquished.

Notes
Turn   | Place    | Note
--------------------------------------------------------------
     0 | D:1      | Chiseanne the Demonspawn Wanderer began the quest for the Orb.
     0 | D:1      | Chiseanne set off with: a book of Callings, the Catalogue of the Entourage, a +0 robe, a +0 club, a bread ration
     0 | D:1      | Reached XP level 1. HP: 13/13 MP: 2/2
     1 | D:1      | Identified the Catalogue of the Entourage
     3 | D:1      | Learned a level 1 spell: Summon Butterflies
     5 | D:1      | Learned a level 1 spell: Summon Small Mammal
   277 | D:1      | Slain by a kobold

Vault maps used:
D:1:      shiori_arrival_elements

Action                   || total
-------------------------++-------
Melee: Club              ||    23
 Cast: Summon Butterflie ||     1
 Stab: Sleeping          ||     2
